 Dungeon Crawl Stone Soup version 0.27.0-1-g7a089689b8 (webtiles) character file.

Game seed: 18268173326847403728

38 mndeal the Conjurer (level 3, -3/19 HPs)
             Began as a Deep Elf Conjurer on Aug 9, 2021.
             Killed by nerve-wracking pain
             ... invoked by Grinder
              (13 damage)
             ... while paralysed by Grinder
             ... on level 3 of the Dungeon.
             The game lasted 00:06:56 (2240 turns).

mndeal the Conjurer (Deep Elf Conjurer)             Turns: 2240, Time: 00:06:57

Health: -3/19      AC:  5    Str:  4    XL:     3   Next: 25%
Magic:  3/9        EV:  2    Int: 23    God:
Gold:   93         SH:  0    Dex: 13    Spells: 5/8 levels left

rFire    . . .     SeeInvis .   (no weapon)
rCold    . . .     Faith    .   (no shield)
rNeg     . . .     Spirit   .   a - +0 robe
rPois    .         Reflect  .   i - +0 helmet
rElec    .         Harm     .   (no cloak)
rCorr    .         Rampage  .   h - +1 pair of gloves
Will     .....                  (no boots)
Stlth    ++........             (no amulet)
HPRegen  0.06/turn              (no ring)
MPRegen  0.11/turn              (no ring)

@: paralysed
A: no striking features
a: no special abilities


You were on level 3 of the Dungeon.
You visited 1 branch of the dungeon, and saw 3 of its levels.

You collected 93 gold pieces.

Inventory:

Armour
 a - a +0 robe (worn)
 h - a +1 pair of gloves (worn)
 i - a +0 helmet (worn)
Jewellery
 j - an amulet of faith
Scrolls
 b - 2 scrolls of enchant armour {unknown}
 c - 2 scrolls of amnesia
 e - a scroll of identify {unknown}
 f - a scroll of acquirement {unknown}
 g - a scroll of fog {unknown}
 k - 2 scrolls of teleportation {unknown}
 m - a scroll of vulnerability {unknown}
Potions
 d - a potion of attraction {unknown}
 l - 2 potions of flight {unknown}


   Skills:
 - Level 2.4 Dodging
 - Level 2.4 Stealth
 - Level 3.0 Spellcasting
 + Level 5.6 Conjurations


You had 5 spell levels left.
You knew the following spells:

 Your Spells              Type           Power      Damage    Failure   Level
a - Magic Dart            Conj           100%       1d8       1%          1
b - Searing Ray           Conj           58%        3d5       1%          2

Your spell library contained the following spells:

 Spells                   Type           Power      Damage    Failure   Level
 Dazzling Flash           Conj/Hex       32%        N/A       11%         3
 Summon Small Mammal      Summ           12%        N/A       12%         1
 Corpse Rot               Necr/Air       N/A        N/A       17%         2
 Passwall                 Tmut/Erth      2%         N/A       17%         2
 Poisonous Vapours        Pois/Air       6%         N/A       17%         2
 Call Canine Familiar     Summ           3%         N/A       34%         3
 Summon Guardian Golem    Hex/Summ       3%         N/A       34%         3
 Swiftness                Air            3%         N/A       34%         3
 Fulminant Prism          Conj/Hex       8%         3d7       34%         4
 Iskenderun's Mystic Bla  Conj/Tloc      16%        2d5       34%         4
 Freezing Cloud           Conj/Ice/Air   6%         6-21      83%         5
 Agony                    Necr           3%         N/A       97%         5
 Silence                  Hex/Air        1%         N/A       97%         5
 Invisibility             Hex            1%         N/A       100%        6


Dungeon Overview and Level Annotations

Branches:
Dungeon (3/15)

Altars:

Annotations:
D:3 Grinder


Message History

Magic restored.
Grinder comes into view.
Grinder shouts!
Casting: Searing Ray (safe; 1% risk of failure)
Confirm with . or Enter, or press ? or * to list all spells.
Aiming: Magic Dart (safe; 1% risk of failure)
Press: ? - help, Shift-Dir - straight line, f - Grinder
Aim: Grinder (100% to hit)
The magic dart hits Grinder!
Grinder is lightly wounded.
Casting: Magic Dart (safe; 1% risk of failure)
Confirm with . or Enter, or press ? or * to list all spells.
You can't see any susceptible monsters within range! (Use Z to cast anyway.)
Casting: Magic Dart (safe; 1% risk of failure)
Confirm with . or Enter, or press ? or * to list all spells.
Aiming: Magic Dart (safe; 1% risk of failure)
Press: ? - help, Shift-Dir - straight line, f/p - Grinder
Aim: Grinder (lightly wounded, 100% to hit)
The magic dart hits Grinder.
Grinder is moderately wounded.
Casting: Magic Dart (safe; 1% risk of failure)
Confirm with . or Enter, or press ? or * to list all spells.
Aiming: Searing Ray (safe; 1% risk of failure)
Press: ? - help, Shift-Dir - straight line, f/p - Grinder
Aim: Grinder (moderately wounded, 77% to hit)
The searing ray hits Grinder!
Grinder is heavily wounded. (Press . to maintain the ray.)
The searing ray hits Grinder!
Grinder is severely wounded.
Grinder gestures at you. Pain shoots through your body!
The searing ray hits Grinder!
Grinder is almost dead.
Grinder gestures at you.
You suddenly lose the ability to move!
Grinder gestures at you. Pain shoots through your body!
Ouch! That really hurt!
You die...

.. #.....<.....#
#..###..#####.#
..##.###.## ..)
#......#†# ##.. #..†.##
## ###########.#..###
........# #......#######
........###.....)..>...#
.......5..@.......#..###
........###.#.######...#
........# #.#.# ###.#
........# #...# ###
........# .....
........# .....
........##......
........##.......


You could see Grinder.

Vanquished Creatures
  An orc (D:3)
  2 endoplasms (D:2)
  5 goblins
  2 hobgoblins
  4 jackals (D:3)
  A quokka (D:2)
  3 ball pythons
  7 bats
  6 frilled lizards
  2 kobolds
  2 rats
35 creatures vanquished.

Notes
Turn   | Place    | Note
-------+----------+-------------------------------------------
     0 | D:1      | mndeal the Deep Elf Conjurer began the quest for the Orb.
     0 | D:1      | Reached XP level 1. HP: 10/10 MP: 6/6
   533 | D:1      | Reached XP level 2. HP: 15/15 MP: 5/8
   752 | D:1      | Learned a level 2 spell: Searing Ray
   965 | D:2      | Reached skill level 5 in Conjurations
  1709 | D:2      | Found a faded altar of an unknown god.
  1750 | D:2      | Reached XP level 3. HP: 19/19 MP: 4/9
  2231 | D:3      | Noticed Grinder
  2239 | D:3      | Paralysed by Grinder for 4 turns
  2240 | D:3      | Killed from afar by Grinder

Illustrated notes

Levels and vault maps discovered:
D:1:      co_arrival_square_in_a_square_in_a_square, layout_loops_corners,
          minmay_tripent
D:2:      layout_basic, shapermc_ecumenical_altar_mp_ritualfount
D:3:      layout_rooms, marbit_many_paths, grunt_dithmenos_smoke_and_mirrors,
          uniq_terence, uniq_crazy_yiuf_cottage, uniq_grinder

Skill      XL: |  1  2 |
---------------+-------+-----
Conjurations   | 5 |  5.6
Dodging        | |  2.4
Stealth        | |  2.4
Spellcasting   | |  3.0

Action                   || total
-------------------------++-------
 Cast: Magic Dart        ||    22
       Searing Ray       ||    21
  Use: Scroll            ||     1
Armor: Robe              ||     1
Dodge: Dodged            ||     2
